 Dungeon Crawl Stone Soup version 0.23.2 (webtiles) character file.

Game seed: 16397391439545360681

1719 Fang the Skirmisher (level 9, -3/57 HPs)
             Began as a Gargoyle Berserker on Apr 8, 2019.
             Was an Elder of Trog.
             Slain by a scorpion (5 damage)
             ... on level 6 of the Dungeon on Apr 9, 2019.
             The game lasted 00:06:56 (4235 turns).

Fang the Skirmisher (Gargoyle Berserker)            Turns: 4235, Time: 00:06:57

Health: -3/57      AC: 16    Str: 24    XL:     9   Next: 4%
Magic:  9/9        EV: 12    Int:  8    God:    Trog [****..]
Gold:   212        SH:  0    Dex:  9    Spells: 8/8 levels left

rFire    . . .     SeeInvis .   k - +1 hand axe (chop)
rCold    . . .     Gourm    .   (no shield)
rNeg     + . .     Faith    .   o - +2 scale mail {MR+}
rPois    ∞         Spirit   .   (no helmet)
rElec    +         Reflect  .   (no cloak)
rCorr    .         Harm     .   (no gloves)
MR       +....                  (no boots)
Stlth    ..........             (no amulet)
HPRegen  0.19/turn              (no ring)
MPRegen  0.11/turn              (no ring)

@: berserk cooldown, slowed, very slow
A: negative energy resistance 1, electricity resistance, unbreathing,
petrification resistance, rot immunity, AC +6
a: Berserk, Trog's Hand, Brothers in Arms, Renounce Religion


You were on level 6 of the Dungeon.
You worshipped Trog.
Trog was greatly pleased with you.
You were very hungry.

You visited 2 branches of the dungeon, and saw 7 of its levels.

You collected 212 gold pieces.

Inventory:

Hand Weapons
 a - a +0 hand axe
 k - a +1 hand axe of chopping (weapon)
Armour
 b - a +0 animal skin
 o - a +2 scale mail of magic resistance (worn)
Wands
 n - a wand of random effects (46)
Scrolls
 d - 3 scrolls of amnesia {unknown}
 f - a scroll of remove curse {unknown}
 g - 6 scrolls of identify {unknown}
 i - 4 scrolls of teleportation {unknown}
 j - 2 scrolls of enchant weapon {unknown}
 m - a scroll of enchant armour {unknown}
Potions
 e - 2 potions of haste {unknown}
 h - 2 potions of flight {unknown}
 l - a potion of degeneration {unknown}
 p - a potion of heal wounds {unknown}
 q - a potion of curing {unknown}
 s - a potion of mutation {unknown}
Comestibles
 c - 7 rations
 r - 2 chunks of flesh


   Skills:
 + Level 7.0 Fighting
 + Level 5.8 Axes
 + Level 6.5 Armour
 + Level 4.8 Dodging


You had 8 spell levels left.
You didn't know any spells.
Your spell library was empty.

Dungeon Overview and Level Annotations

Branches:
Dungeon (6/15)             Temple (1/1) D:6

Altars:
Dithmenos
Makhleb
Ru
Uskayaw
Vehumet
Xom

Shops:
D:5 (*


Innate Abilities, Weirdness & Mutations

You are resistant to torment.
Your stone body is resilient. (AC +6)
You are immune to poison.
You resist negative energy. (rN+)
You are resistant to electric shocks. (rElec)
You can survive without breathing.
You are immune to petrification.
You are immune to rotting.


Message History

The orc hits you but does no damage. The scorpion barely misses you.
You hit the scorpion.
The scorpion is lightly wounded.
The freed slave closely misses the orc.
The orc hits you but does no damage.
The scorpion stings you but does no damage.
The freed slave hits the orc!
The orc dies!
You slash the scorpion!
The scorpion is severely wounded.
The scorpion stings you.
* * * LOW HITPOINT WARNING * * *
The scorpion completely misses you.
You hit the scorpion.
The scorpion is severely wounded.
The scorpion stings you but does no damage.
You are feeling very hungry.
You hit the scorpion but do no damage.
The scorpion is severely wounded.
The scorpion stings you.
You die...

..#.................)
..#........###......)
..........##..####..
#............####.#
###..............#...
...........###.#.....
p....o))...# #.#.....
...#######....###.......
....?.s@))............##
...###........########..
#.p......# #..
........### ###
..........# #.
......#.#### ##
......#.# . ........# ##


You could see a scorpion and a neutral freed slave (wandering).

Vanquished Creatures
  Pikel (D:6)
  Sigmund (D:5)
  A water moccasin (D:5)
  2 ogres (D:6)
  4 bullfrogs
  A crimson imp (D:5)
  A bullfrog zombie (D:3)
  2 hounds
  A jelly (D:6)
  An orc priest (D:3)
  2 orc wizards
  Ijyb (D:3)
  2 iguanas
  2 worker ants
  A hound zombie (D:5)
  2 hound skeletons
  2 adders
  An adder zombie (D:5)
  4 worms
  5 dart slugs
  5 leopard geckos
  9 orcs
  12 giant cockroaches
  9 goblins
  7 hobgoblins
  2 jackals (D:6)
  A quokka (D:3)
  7 bats
  17 frilled lizards
  6 kobolds
  2 quokka skeletons (D:4)
  11 rats
125 creatures vanquished.

Vanquished Creatures (others)
  An orc (D:6)
1 creature vanquished.

Grand Total: 126 creatures vanquished

Notes
Turn   | Place    | Note
-------+----------+-------------------------------------------
     0 | D:1      | Fang the Gargoyle Berserker began the quest for the Orb.
     0 | D:1      | Reached XP level 1. HP: 14/14 MP: 1/1
   162 | D:1      | Reached XP level 2. HP: 19/19 MP: 2/2
   424 | D:1      | Reached ** piety under Trog
   578 | D:1      | Reached XP level 3. HP: 23/23 MP: 3/3
  1000 | D:2      | Reached skill level 4 in Fighting
  1000 | D:2      | Reached XP level 4. HP: 19/29 MP: 4/4
  1552 | D:2      | Reached *** piety under Trog
  1739 | D:3      | Reached XP level 5. HP: 23/33 MP: 5/5
  2018 | D:3      | Noticed Ijyb
  2033 | D:3      | Killed Ijyb
  2118 | D:3      | Reached XP level 6. HP: 39/39 MP: 6/6
  2317 | D:3      | Found a faded altar of an unknown god.
  2342 | D:4      | Found a shimmering altar of Xom.
  3177 | D:5      | Entered Level 5 of the Dungeon
  3177 | D:5      | Noticed a water moccasin
  3205 | D:5      | Killed a water moccasin
  3205 | D:5      | Reached skill level 5 in Fighting
  3205 | D:5      | Reached XP level 7. HP: 9/44 MP: 7/7
  3481 | D:5      | Found Oxeufer's General Store.
  3482 | D:5      | Found Saha's Weapon Shoppe.
  3497 | D:5      | Noticed Sigmund
  3513 | D:5      | Killed Sigmund
  3596 | D:5      | Found a burning altar of Makhleb.
  3766 | D:5      | Reached skill level 5 in Armour
  3868 | D:6      | Found a staircase to the Ecumenical Temple.
  3892 | D:6      | Reached XP level 8. HP: 37/51 MP: 8/8
  3894 | D:6      | Reached skill level 6 in Fighting
  3901 | D:6      | Reached skill level 5 in Axes
  4116 | Temple   | Entered the Ecumenical Temple
  4211 | D:6      | Reached **** piety under Trog
  4217 | D:6      | Noticed Pikel
  4227 | D:6      | Killed Pikel
  4227 | D:6      | Reached skill level 7 in Fighting
  4227 | D:6      | Reached XP level 9. HP: 9/57 MP: 9/9
  4233 | D:6      | HP: 1/57 [scorpion (6)]
  4235 | D:6      | Slain by a scorpion

Skill      XL: |  1  2  3  4  5  6  7  8 |
---------------+-------------------------+-----
Axes           | 3 4 5 |  5.8
Dodging        | 2 3 4 |  4.8
Fighting       | 4 5 7 |  7.0
Armour         | 3 4 5 6 |  6.5

Action                   |  1- 3 |  4- 6 |  7- 9 || total
-------------------------+-------+-------+-------++-------
Melee: Hand axe          |   133 |   185 |   114 ||   432
Invok: Berserk           |       |     2 |     3 ||     5
 Stab: Sleeping          |     1 |     1 |       ||     2
  Eat: Chunk             |     1 |     5 |     2 ||     8
       Ration            |       |     1 |     1 ||     2
Armor: Animal skin       |    51 |    34 |       ||    85
       Scale mail        |       |    48 |    60 ||   108
Dodge: Dodged            |   104 |   110 |    71 ||   285
